 Dungeon Crawl Stone Soup version 0.26.1-11-gd32895ea62 (webtiles) character file.

Game seed: 9552455246653670400

86 derath95 the Shield-Bearer (level 4, -6/44 HPs)
             Began as a Troll Fighter on Apr 16, 2021.
             Mangled by Sigmund
             ... wielding a +0 scythe
              (7 damage)
             ... on level 2 of the Dungeon.
             The game lasted 00:05:10 (1058 turns).

derath95 the Shield-Bearer (Troll Fighter)          Turns: 1058, Time: 00:05:10

Health: -6/44      AC:  6    Str: 25    XL:     4   Next: 27%
Magic:  3/3        EV:  8    Int:  4    God:
Gold:   71         SH:  9    Dex:  9    Spells: 3/3 levels left

rFire    . . .     SeeInvis .   a - +0 long sword
rCold    . . .     Faith    .   c - +0 kite shield
rNeg     . . .     Spirit   .   b - +0 robe
rPois    .         Reflect  .   (helmet restricted)
rElec    .         Harm     .   (no cloak)
rCorr    .         Rampage  .   (gloves unavailable)
Will     .....                  (boots unavailable)
Stlth    +.........             (no amulet)
HPRegen  0.54/turn              (no ring)
MPRegen  0.08/turn              (no ring)

@: no status effects
A: large, unfitting armour, claws 3, regeneration 1, shaggy fur 1, tough skin 3
a: no special abilities


You were on level 2 of the Dungeon.
You visited 1 branch of the dungeon, and saw 2 of its levels.

You collected 71 gold pieces.

Inventory:

Hand Weapons
 a - a +0 long sword (weapon)
Armour
 b - a +0 robe (worn)
 c - a +0 kite shield (worn)
Scrolls
 e - 2 scrolls of remove curse {unknown}
 f - a scroll of identify {unknown}
 g - a scroll of random uselessness {unknown}
 h - a scroll of teleportation {unknown}
 i - a scroll of noise {unknown}
Potions
 d - a potion of might
 j - a potion of ambrosia {unknown}
 k - a potion of curing {unknown}


   Skills:
 + Level 2.8 Fighting
 + Level 2.5 Long Blades
 + Level 2.9 Dodging
 + Level 0.1 Stealth
 + Level 2.9 Shields


You had 3 spell levels left.
You didn't know any spells.
Your spell library was empty.

Dungeon Overview and Level Annotations

Branches:
Dungeon (2/15)

Altars:

Annotations:
D:2 Sigmund


Innate Abilities, Weirdness & Mutations

You are too large for most types of armour.
You have claws for hands.
Your natural rate of healing is unusually fast.
You are covered in fur. (AC +1)
You have extremely tough skin. (AC +3)


Message History

You closely miss the hobgoblin.
The hobgoblin is moderately wounded.
You block the hobgoblin's attack.
You hit the hobgoblin.
You kill the hobgoblin!
You hear some strange, mumbled words.
Something tries to affect you, but you resist.
Something hits you!
You closely miss something. Something hits you but does no damage.
You miss something. Something hits you!
* * * LOW HITPOINT WARNING * * *
You miss something. You block something's attack.
You miss something.
You hear some strange, mumbled words.
A puff of flame appears from out of thin air!
The puff of flame hits you.
* * * LOW HITPOINT WARNING * * *
Your shield prevents you from hitting something.
Something hits you!
You die...

####....### ..
#.........#... .
#............ ..
#........# ...
#........# ....
#........##
.....
#.........#....#
#.............#
##......@{##.(.#
#.......)......#
#..........###.#
#..........# ..
#..........# ..
#..........### .
#...[......... #
###.#######... .
###.# ...


There were no monsters in sight!

Vanquished Creatures
  Jessica (D:2)
  3 gnolls (D:2)
  An ooze (D:1)
  A leopard gecko (D:1)
  A ball python (D:1)
  4 goblins
  7 hobgoblins
  4 bats
  A frilled lizard (D:1)
  3 kobolds (D:1)
  2 rats
28 creatures vanquished.

Notes
Turn   | Place    | Note
-------+----------+-------------------------------------------
     0 | D:1      | derath95 the Troll Fighter began the quest for the Orb.
     0 | D:1      | Reached XP level 1. HP: 22/22 MP: 0/0
   205 | D:1      | Reached XP level 2. HP: 23/29 MP: 1/1
   969 | D:2      | Reached XP level 3. HP: 36/36 MP: 2/2
  1018 | D:2      | Noticed Jessica
  1024 | D:2      | Killed Jessica
  1025 | D:2      | Reached XP level 4. HP: 19/44 MP: 3/3
  1041 | D:2      | Noticed Sigmund
  1057 | D:2      | HP: 1/44 [something/puff of flame (5)]
  1058 | D:2      | Mangled by Sigmund

Illustrated notes

Levels and vault maps discovered:
D:1:      lightli_arrival_noodles, layout_basic
D:2:      layout_rooms, uniq_jessica, uniq_sigmund

Skill      XL: |  1  2  3 |
---------------+----------+-----
Long Blades    | 2 |  2.5
Fighting       | |  2.8
Dodging        | |  2.9
Stealth        | |  0.1
Shields        | |  2.9

Action                   |  1- 3 |  4- 6 || total
-------------------------+-------+-------++-------
Melee: Long sword        |    68 |    11 ||    79
Armor: Robe              |    13 |     4 ||    17
Dodge: Dodged            |    28 |     1 ||    29
Block: Kite shield       |    38 |     3 ||    41
       Rpst.: Long sword |    11 |       ||    11
